 Dungeon Sprint DCSS version 0.19-a0-1532-g228a5d9 (webtiles) character file.

134 poirepourri the Covert (level 4, 0/21 HPs)
             Began as a Spriggan Enchanter on Sept 13, 2016.
             Was an Initiate of Dithmenos.
             Splashed by an oklob sapling wizard's acid (14 damage)
             ... in the Dungeon (Sprint IV: "Fedhas' Mad Dash").
             The game lasted 00:00:58 (483 turns).

poirepourri the Covert (Spriggan Enchanter)          Turns: 483, Time: 00:00:58

Health: 0/21       AC:  3    Str:  4    XL:     4   Next: 95%
Magic:  8/11       EV: 22    Int: 16    God:    Dithmenos [......]
Gold:   63         SH:  0    Dex: 17    Spells: 5 memorised, 0 levels left

rFire  . . .     SeeInvis +     a - +1 dagger
rCold  . . .     Gourm    .     b - +1 robe
rNeg   . . .     Faith    .     (shield restricted)
rPois  .         Spirit   .     (helmet restricted)
rElec  .         Dismiss  .     (no cloak)
rCorr  .         Reflect  .     (gloves unavailable)
MR     .....     Harm     .     (boots unavailable)
Stlth  +++++..... NoTele   +    k - amulet of invisibility {+Inv}
                                (no ring)
                                (no ring)

@: very quick
A: unfitting armour, see invisible, herbivore 3, speed 3, slow metabolism 2
a: Renounce Religion, Evoke Invisibility


You were in the Dungeon.
You worshipped Dithmenos.
Dithmenos was noncommittal.
You were not hungry.

You visited 1 branch You collected 63 gold pieces.

Inventory:

Hand Weapons
 a - a +1 dagger (weapon)
Armour
 b - a +1 robe (worn)
Jewellery
 k - the amulet of invisibility (around neck) {+Inv}
   (You found it in the Dungeon)

   [amulet of nothing]

   It lets you turn invisible.
Scrolls
 i - 2 scrolls of identify
 j - a scroll of blinking
Potions
 e - a potion of curing
 f - a potion of heal wounds
 g - a potion of haste
 h - 2 potions of magic
Books
 c - a book of Maledictions

   Spells                             Type                      Level
   a - Corona                         Hexes                        1
   b - Ensorcelled Hibernation        Hexes/Ice                    2
   c - Confuse                        Hexes                        3
   d - Tukima's Dance                 Hexes                        3
   e - Dazzling Spray                 Conjuration/Hexes            3
Comestibles
 d - a bread ration


   Skills:
 + Level 1.8 Short Blades
 + Level 6.2 Dodging
 + Level 10.5 Stealth
 + Level 4.9 Spellcasting
 + Level 7.4 Hexes


You couldn't memorise any spells.
You knew the following spells:

 Your Spells              Type           Power        Failure   Level  Hunger
a - Corona                Hex            ####...      1%          1    None
b - Ensorcelled Hibernat  Hex/Ice        ###...       8%          2    ##.....
c - Confuse               Hex            ####....     1%          3    ###....
d - Tukima's Dance        Hex            ####....     1%          3    ###....
e - Dazzling Spray        Conj/Hex       ###...       12%         3    ###....


Dungeon Overview and Level Annotations

Branches:
Dungeon (1/1)

Altars:
Cheibriados
Dithmenos
Elyvilon
Gozag
Hepliaklqana
Kikubaaqudgha
Makhleb
Nemelex Xobeh
Okawaru
Qazlal
Ru
Sif Muna
Trog
Uskayaw
Vehumet
Xom
Yredelemnul
Zin
The Shining One
Beogh
Jiyva
Lugonu

Annotations:
D exclusion: oklob sapling


Innate Abilities, Weirdness & Mutations

You are tiny and cannot use many weapons and most armour.
You have supernaturally acute eyesight. (SInv)
You are a herbivore.
You cover ground extremely quickly.
You need consume almost no food.


Message History

You finish memorising.
Spell assigned to 'e'.
You don't have any unidentified items.
Unknown command.
You open the door.
Marking area around the oklob sapling wizard as unsafe for travelling.
An oklob sapling wizard comes into view.
Found 10 gold pieces.
Unknown command.
Found 2 scrolls of identify.
There is an open door here.
Casting: Ensorcelled Hibernation
Confirm with . or Enter, or press ? or * to list all spells.
Aiming: Confuse
Press: ? - help, Shift-Dir - straight line, f - oklob sapling wizard
Aim: an oklob sapling wizard (chance to defeat MR: 56%)
The oklob sapling wizard resists with significant effort.
The oklob sapling wizard spits acid at you.
The splash of acid hits you!
The acid burns!
Ouch! That really hurt!
You die...

####################
..#.⌠._._._._.⌠.#.$+
[.'.._._._._._..@.P#
..#..._._._._...#..#
'##.._._._._._..#.?#
..#.⌠._._._._.⌠.####
..###############
###


You could see an oklob sapling wizard.

Vanquished Creatures
  3 oklob saplings (D)
  A worker ant (D)
  A river rat (D)
  A rat (D)
6 creatures vanquished.

Notes
Turn   | Place    | Note
-------+----------+-------------------------------------------
     0 | D        | poirepourri the Spriggan Enchanter began the quest for the Orb.
     0 | D        | Reached XP level 1. HP: 9/9 MP: 5/5
    11 | D        | Reached skill level 6 in Stealth
    11 | D        | Reached XP level 2. HP: 13/13 MP: 4/6
    72 | D        | Learned a level 2 spell: Ensorcelled Hibernation
    75 | D        | Noticed an oklob sapling
    77 | D        | Killed an oklob sapling
    77 | D        | Reached skill level 8 in Stealth
    77 | D        | Reached skill level 5 in Hexes
    77 | D        | Reached XP level 3. HP: 16/16 MP: 6/8
    85 | D        | Reached skill level 5 in Dodging
   106 | D        | Learned a level 3 spell: Confuse
   110 | D        | Learned a level 3 spell: Tukima's Dance
   240 | D        | Noticed an oklob sapling
   243 | D        | Killed an oklob sapling
   243 | D        | Reached skill level 9 in Stealth
   243 | D        | Reached XP level 4. HP: 21/21 MP: 11/11
   356 | D        | Found an opulent altar of Gozag.
   356 | D        | Found a hazy altar of Hepliaklqana.
   356 | D        | Found a burning altar of Makhleb.
   356 | D        | Found a roughly hewn altar of Beogh.
   356 | D        | Found a sparkling altar of Nemelex Xobeh.
   356 | D        | Found a snail-covered altar of Cheibriados.
   356 | D        | Found a sacrificial altar of Ru.
   356 | D        | Found a deep blue altar of Sif Muna.
   356 | D        | Found a shimmering altar of Xom.
   356 | D        | Found a basalt altar of Yredelemnul.
   357 | D        | Found a viscous altar of Jiyva.
   357 | D        | Found a bloodstained altar of Trog.
   358 | D        | Found an iron altar of Okawaru.
   358 | D        | Found a glowing silver altar of Zin.
   358 | D        | Found a shadowy altar of Dithmenos.
   359 | D        | Found a hide-covered altar of Uskayaw.
   359 | D        | Found an ancient bone altar of Kikubaaqudgha.
   360 | D        | Found a stormy altar of Qazlal.
   360 | D        | Found a glowing golden altar of the Shining One.
   360 | D        | Found a white marble altar of Elyvilon.
   361 | D        | Found a radiant altar of Vehumet.
   361 | D        | Found a corrupted altar of Lugonu.
   364 | D        | Reached skill level 10 in Stealth
   369 | D        | Became a worshipper of Dithmenos the Shadowed
   480 | D        | Learned a level 3 spell: Dazzling Spray
   483 | D        | Splashed by an oklob sapling wizard's acid

Vault maps used:
D:        dungeon_sprint_fedhas

Skill      XL: |  1  2  3  4 |
---------------+-------------+-----
Dodging        | 4 5 6 |  6.2
Stealth        | 6 8 9 10 | 10.5
Spellcasting   | 3 4 |  4.9
Hexes          | 5 6 7 |  7.4
Short Blades   | |  1.8

Action                   |  1- 3 |  4- 6 || total
-------------------------+-------+-------++-------
Melee: Dagger            |     7 |     1 ||     8
 Cast: Corona            |     2 |       ||     2
       Ensorcelled Hiber |     1 |       ||     1
       Confuse           |       |     1 ||     1
  Use: Potion            |     1 |       ||     1
       Scroll            |     1 |       ||     1
 Stab: Sleeping          |     3 |     1 ||     4
Dodge: Dodged            |     5 |       ||     5
